 Dungeon Crawl Stone Soup version 0.30.1-9-gdf580d7c3d (webtiles) character file.

Game seed: 4323807575189299036

1637 bearlyready the Covert (level 8, -1/96 HPs)
             Began as a Naga Transmuter on Oct 18, 2023.
             Slain by a gnoll sergeant
             ... wielding a +0 spear
              (8 damage)
             ... on level 6 of the Dungeon.
             The game lasted 00:08:03 (5439 turns).

bearlyready the Covert (Naga Transmuter)            Turns: 5439, Time: 00:08:04

Health: -1/96      AC:  4    Str: 12    XL:     8   Next: 98%
Magic:  19/20      EV: 10    Int: 14    God:
Gold:   251        SH:  0    Dex: 12    Spells: 3/11 levels left

rFire   . . .        k - +7 staff of the Meek {protect, meekguard}
rCold   . . .        (shield currently unavailable)
rNeg    . . .        a - +0 robe
rPois   +            e - +0 helmet
rElec   .            (no cloak)
rCorr   .            (no gloves)
SInv    +            (no barding)
Will    +....        (no amulet) Stlth
                     d - ring of magical power
HPRegen 0.36/turn    (no ring)
MPRegen 0.17/turn

%: no passive effects
@: berserking, studying Stealth, quick
A: AC +2, large, see invisible, deformed body, poison resistance, slowness 2,
spit poison 1, naga tail 1, dopey 1, MP-powered wands
a: Spit Poison


You were on level 6 of the Dungeon.
You visited 1 branch of the dungeon, and saw 6 of its levels.
You also visited: Ossuary.

You collected 261 gold pieces.
You spent 10 gold pieces at shops.

Inventory:

Hand Weapons
 j - the +2 sling of Circular Logic {heavy, Will+ Dex+2}
   (You found it on level 2 of the Dungeon)

   Dex:       It affects your dexterity (+2).
   Will:      It increases your willpower.
 k - the +7 staff of the Meek (weapon) {protect, meekguard}
   (You found it on level 2 of the Dungeon)
Missiles
 D - 2 poisoned darts
Armour
 a - a +0 robe (worn)
 e - a +0 helmet (worn)
Jewellery
 d - a ring of magical power (left hand)
 q - a ring of resist corrosion
Scrolls
 b - a scroll of blinking {unknown}
 f - a scroll of fear {unknown}
 g - 2 scrolls of noise
 h - 5 scrolls of teleportation
 i - a scroll of enchant armour {unknown}
 l - 3 scrolls of immolation {unknown}
 n - 7 scrolls of identify {unknown}
 p - a scroll of acquirement {unknown}
 u - 2 scrolls of poison {unknown}
 v - 2 scrolls of magic mapping {unknown}
 w - 2 scrolls of enchant weapon {unknown}
 y - a scroll of silence {unknown}
 B - a scroll of fog {unknown}
 C - a scroll of vulnerability {unknown}
Potions
 r - 2 potions of brilliance
 s - a potion of might
 z - a potion of heal wounds {unknown}
 A - a potion of haste


   Skills:
 - Level 1.0 Fighting
 - Level 1.5 Dodging
 + Level 12.3 Stealth
 + Level 6.6 Unarmed Combat
 - Level 2.0 Spellcasting
 - Level 6.1 Transmutations
 + Level 0.5 Earth Magic
 - Level 5.2 Poison Magic


You had 3 spell levels left.
You knew the following spells:

 Your Spells              Type           Power      Damage    Failure   Level
a - Beastly Appendage     Tmut           36%        N/A       1%          1
b - Wereblood             Tmut           18%        N/A       2%          2
c - Spider Form           Tmut/Pois      17%        N/A       7%          3
d - Passwall              Tmut/Erth      8%         N/A       9%          2

Your spell library contained the following spells:

 Spells                   Type           Power      Damage    Failure   Level
 Ensorcelled Hibernation  Hex/Ice        2%         N/A       34%         2
 Sublimation of Blood     Necr           1%         N/A       34%         2
 Summon Guardian Golem    Hex/Summ       1%         N/A       56%         3
 Swiftness                Air            1%         N/A       56%         3
 Ice Form                 Ice/Tmut       10%        N/A       54%         4
 Orb of Destruction       Conj           0%         9d5       100%        7
 Spellforged Servitor     Conj/Summ      0%         N/A       100%        7
 Summon Hydra             Summ           0%         N/A       100%        7


Dungeon Overview and Level Annotations

Branches:
Dungeon (6/15)            Ossuary (visited)
 Temple: D:4-7

Altars:
Kikubaaqudgha
Qazlal

Shops:
D:1 ?


Innate Abilities, Weirdness & Mutations

Your serpentine skin is tough. (AC +2)
You have supernaturally acute eyesight. (SInv)
Armour fits poorly on your strangely shaped body.
Your system is resistant to poisons. (rPois)
You cover ground very slowly.
You can spit poison.
You have a snake-like lower body.
You are dopey. (Int -2)
You expend magic power (3 MP) to strengthen your wands.


Message History

It was a potion of might.
You feel very mighty all of a sudden. The gnoll closely misses you.
The gnoll sergeant misses you.
The gnoll hits you from afar with a +0 spear.
* * * LOW HITPOINT WARNING * * *
It was a potion of haste.
You feel yourself speed up.
You have got your breath back.
The gnoll sergeant misses you. The gnoll closely misses you. x2
You see here 16 gold pieces.
You see here 16 gold pieces.
It was a potion of flight.
You feel very buoyant.
You fly up into the air.
It was a potion of attraction.
You feel attractive to monsters.
Your transformation is almost over.
The gnoll sergeant is attracted toward you.
You bite the gnoll sergeant!
The gnoll sergeant is poisoned.
The gnoll sergeant is moderately wounded.
It was a potion of cancellation.
Your magical effects are unravelling.
You feel magically purged.
Your transformation has ended.
The +7 staff of the Meek {protect, meekguard} unmelds from your body.
Your +0 helmet unmelds from your body.
Your +0 robe unmelds from your body.
The +7 staff of the Meek {protect, meekguard} hums with potential!
You feel yourself slow down.
You float gracefully downwards.
You feel a little less mighty now.
You feel a little less clever now.
The gnoll sergeant hits you with a +0 spear.
* * * LOW HITPOINT WARNING * * *
The gnoll is attracted toward you.
You feel less attractive to monsters.
It was a potion of mutation.
You feel extremely strange.
You feel stupid.
You feel your magical essence link to the dungeon's wands.
The gnoll sergeant barely misses you.
It was a potion of berserk rage.
A red film seems to cover your vision as you go berserk!
You feel yourself moving faster!
You feel mighty!
The gnoll sergeant hits you with a +0 spear!
You die...

#......
.... +.
#.....#
#.... #.
#.....#
.#...##.
#.....##
...Yo.#.
#..)..#
#......
#.g...#
#.....<
#g..#.#
##....#
#g###.#
.......
#$gg@.#
######.
#######
Oh #. #.
#.


You could see a gnoll sergeant (very poisoned) and 2 gnolls.

Vanquished Creatures
  A two-headed ogre (D:4)
  Sigmund (D:3)
  A black bear (D:5)
  An orc warrior (D:5)
  An ice beast (D:6)
  2 ogres (D:5)
  A centaur (D:6)
  A scorpion (D:5)
  3 hounds
  An orc priest (D:5)
  An iguana (D:5)
  3 mummies (Ossuary)
  2 gnolls
  2 adders
  4 adder zombies (Ossuary)
  A worm (D:4)
  2 dart slugs
  6 orcs (D:5)
  5 bats
  4 endoplasms
  5 giant cockroaches
  5 hobgoblins
  4 jackals (D:2)
  5 kobolds
  3 quokkas
  3 ball pythons
  A frilled lizard (D:2)
  3 goblins
  A goblin zombie (Ossuary)
  5 hobgoblin zombies (Ossuary)
  2 kobold zombies (Ossuary)
  4 quokka zombies (Ossuary)
  8 rats
  2 rat zombies (Ossuary)
94 creatures vanquished.

Notes
Turn   | Place    | Note
-------+----------+-------------------------------------------
     0 | D:1      | bearlyready the Naga Transmuter began the quest for the
                  | Orb.
     0 | D:1      | Reached XP level 1. HP: 18/18 MP: 3/3
   158 | D:1      | Reached XP level 2. HP: 25/25 MP: 5/5
   333 | D:1      | Learned a level 2 spell: Wereblood
   337 | D:1      | Found The Oracle's Delphic Readings.
   341 | D:1      | Bought a scroll of noise for 10 gold pieces
   665 | D:1      | Reached skill level 1 in Stealth
   809 | D:2      | Found the +7 staff of the Meek {protect, meekguard}
   825 | D:2      | Identified the +2 sling of Circular Logic {heavy, Will+
                  | Dex+2}
   920 | D:2      | Reached XP level 3. HP: 31/31 MP: 6/6
   924 | D:2      | Learned a level 3 spell: Spider Form
  1019 | D:2      | Reached skill level 2 in Stealth
  1392 | D:2      | Reached skill level 1 in Poison Magic
  2218 | D:3      | Noticed Sigmund
  2230 | D:3      | Reached skill level 3 in Stealth
  2236 | D:3      | Killed Sigmund
  2237 | D:3      | Reached skill level 5 in Stealth
  2237 | D:3      | Reached XP level 4. HP: 20/38 MP: 7/7
  2237 | D:3      | Reached XP level 5. HP: 24/44 MP: 8/8
  2443 | D:3      | Found an ancient bone altar of Kikubaaqudgha.
  2505 | D:3      | Reached XP level 6. HP: 49/51 MP: 9/9
  2508 | D:3      | Reached skill level 6 in Stealth
  3381 | D:4      | Learned a level 2 spell: Passwall
  3556 | D:4      | Noticed a two-headed ogre
  3568 | D:4      | Killed a two-headed ogre
  3569 | D:4      | Reached skill level 9 in Stealth
  3569 | D:4      | Reached skill level 5 in Unarmed Combat
  3569 | D:4      | Reached skill level 5 in Poison Magic
  3569 | D:4      | Reached XP level 7. HP: 18/57 MP: 10/10
  3569 | D:4      | Reached XP level 8. HP: 20/64 MP: 11/11
  3916 | D:5      | Entered Level 5 of the Dungeon
  3930 | D:5      | Found a sand-covered staircase.
  3935 | Ossuary  | Entered an ossuary
  3950 | Ossuary  | Reached skill level 5 in Transmutations
  4341 | D:5      | Reached skill level 10 in Stealth
  4673 | D:5      | Found a stormy altar of Qazlal.
  4899 | D:5      | Reached skill level 11 in Stealth
  5200 | D:5      | Reached skill level 12 in Stealth
  5438 | D:6      | Gained mutation: You are dopey. (Int -2) [potion of
                  | mutation]
  5438 | D:6      | Gained mutation: You expend magic power (3 MP) to
                  | strengthen your wands. [potion of mutation]
  5439 | D:6      | Slain by a gnoll sergeant

Illustrated notes

Levels and vault maps discovered:
D:1:      lightli_arrival_noodles, layout_rooms, serial_rivers,
          chequers_serial_rivers_small_a, chequers_serial_rivers_room_b,
          chequers_serial_rivers_small_a, chequers_serial_rivers_room_b,
          chequers_serial_rivers_micro_c, nicolae_nh_oracle_at_delphi
D:2:      layout_loops_corners
D:3:      layout_loops_corners, mainiacjoe_overflow_alcove_2,
          cheibrodos_gnoll_hut, uniq_sigmund
D:4:      layout_layer_cave
D:5:      cheibrodos_iron_armory, layout_basic, mainiacjoe_overflow_paths,
          enter_ossuary_5, minmay_misc_feat_alley
D:6:      layout_basic, kennysheep_mini

Skill      XL: |  1  2  3  4  5  6  7  8 |
---------------+-------------------------+-----
Stealth        | 1 5 9 12 | 12.3
Poison Magic   | 2 3 5 |  5.2
Unarmed Combat | 4 5 6 |  6.6
Transmutations | 3 4 6 |  6.1
Fighting       | |  1.0
Dodging        | |  1.5
Spellcasting   | |  2.0
Earth Magic    | |  0.5

Action                     |  1- 3 |  4- 6 |  7- 9 || total
---------------------------+-------+-------+-------++-------
  Melee: Unarmed           |    60 |     4 |    19 ||    83
         Punch             |     1 |       |       ||     1
         Quarterstaff      |    60 |    26 |   117 ||   203
   Cast: Spider Form       |     1 |     1 |     7 ||     9
         Wereblood         |       |       |     3 ||     3
Ability: Spit Poison       |     6 |     2 |     4 ||    12
         End Transformatio |       |       |     1 ||     1
    Use: Potion            |       |     1 |     8 ||     9
         Scroll            |       |       |     1 ||     1
   Stab: Sleeping          |     3 |     2 |     9 ||    14
 Armour: Robe              |    45 |    11 |    66 ||   122
         Skin              |       |     5 |     1 ||     6
  Dodge: Dodged            |    65 |    13 |   116 ||   194
